 Dungeon Crawl Stone Soup version 0.16.1-11-g651b585 (webtiles) character file.

176013 Hedron the Devastator (level 17, -10/100 HPs)
             Began as a Deep Elf Conjurer on Mar 25, 2015.
             Was the Champion of Vehumet.
             Killed from afar by a shock serpent (26 damage)
             ... with a bolt of electricity
             ... on level 3 of the Snake Pit on Apr 3, 2015.
             The game lasted 04:28:41 (56352 turns).

Hedron the Devastator (Deep Elf Conjurer)          Turns: 56352, Time: 04:28:41

Health: -10/100    AC: 14    Str:  6    XL:     17   Next: 49%
Magic:  1/41       EV: 21    Int: 33    God:    Vehumet [******]
Gold:   3383       SH:  6    Dex: 17    Spells: 10 memorised, 6 levels left

rFire  + + .     SeeInvis .     a - staff of energy
rCold  + + .     Clarity  .     E - +1 robe "Sme Losu" {Contam rF+ rC+ rN+}
rNeg   + . .     SustAb   .     N - +0 buckler {rC+}
rPois  +         Gourm    .     v - +2 helmet
rElec  .         Spirit   .     e - +2 cloak
rCorr  .         Warding  .     p - +1 pair of gloves
rMut   .         Stasis   .     o - +2 pair of boots
MR     +....                    X - amulet of regeneration
Stlth  +++.......               B - ring of poison resistance
                                b - ring of Diaje {rF+ Int+6 Stlth-}

@: delayed fireball, somewhat resistant to hostile enchantments, fairly stealthy
A: agile 1
a: Renounce Religion, Release Delayed Fireball


You were on level 3 of the Snake Pit.
You worshipped Vehumet.
Vehumet was exalted by your worship.
You were not hungry.

You visited 5 branches of the dungeon, and saw 31 of its levels.
You also visited: Ice Cave.

You collected 3854 gold pieces.
You spent 471 gold pieces at shops.

Inventory:

Armour
 e - a +2 cloak (worn)
 o - a +2 pair of boots (worn)
 p - a +1 pair of gloves (worn)
 v - a +2 helmet (worn)
 E - the +1 robe "Sme Losu" (worn) {Contam rF+ rC+ rN+}
   (You found it on level 13 of the Dungeon)

   It protects you from fire.
   It protects you from cold.
   It protects you from negative energy.
   It causes magical contamination when unequipped.
 N - a +0 buckler of cold resistance (worn)
Magical staves
 a - an uncursed staff of energy (weapon)
Jewellery
 b - the ring of Diaje (left hand) {rF+ Int+6 Stlth-}
   (You found it on level 7 of the Lair of Beasts)

   [ring of loudness]

   It affects your intelligence (+6).
   It protects you from fire.
   It makes you less stealthy.
 d - a +5 ring of protection
 k - an uncursed ring of flight
 l - an uncursed amulet of resist corrosion
 B - a ring of poison resistance (right hand)
 C - an uncursed amulet of warding
 X - an amulet of regeneration (around neck)
Magical devices
 c - a wand of draining (5)
 g - a wand of hasting (4)
 h - a wand of digging (4)
 y - a wand of lightning (1)
 A - a wand of disintegration (11)
 Q - a wand of invisibility (3)
Scrolls
 f - 12 scrolls of remove curse
 m - 9 scrolls of magic mapping
 s - 9 scrolls of teleportation
 t - 2 scrolls of fog
 w - 3 scrolls of identify
 D - 2 scrolls of amnesia
 J - 4 scrolls of recharging
 M - 4 scrolls of fear
 O - 3 scrolls of silence
 P - a scroll of enchant weapon
 R - a scroll of summoning
 T - a scroll of holy word
 W - 7 scrolls of blinking
Potions
 j - 6 potions of restore abilities
 q - 6 potions of agility
 r - 6 potions of curing
 u - a potion of heal wounds
 F - 4 potions of brilliance
 G - a potion of haste
 H - 5 potions of might
 K - 2 potions of resistance
 L - 5 potions of invisibility
 U - 3 potions of cancellation
 Y - 2 potions of magic
Books
 S - a book of Fire

   Spells                             Type                      Level
   a - Ignite Poison                  Fire/Transmutation           5
   b - Fireball                       Conjuration/Fire             5
   c - Bolt of Fire                   Conjuration/Fire             6
   d - Delayed Fireball               Conjuration/Fire             7
   e - Ring of Flames                 Charms/Fire                  7
Miscellaneous
 z - a crystal ball of energy
Comestibles
 i - 20 meat rations
 n - 6 royal jellies
 x - 10 bread rations
 I - a poisonous chunk of flesh
 V - 11 fruits


   Skills:
 + Level 9.2 Fighting
   Level 6.1 Short Blades
 + Level 12.2 Dodging
 - Level 8.0 Stealth
 - Level 5.0 Shields
 + Level 17.2 Spellcasting
 * Level 19.4 Conjurations
 - Level 5.0 Hexes
 - Level 6.8 Charms
 - Level 10.0 Fire Magic
 - Level 4.7 Earth Magic
 - Level 9.3 Evocations


You had 6 spell levels left.
You knew the following spells:

 Your Spells              Type           Power        Failure   Level  Hunger
a - Magic Dart            Conj           ####         0%          1    None
b - Bolt of Fire          Conj/Fire      #######...   1%          6    None
c - Dazzling Spray        Conj/Hex       #######.     1%          3    None
d - Iskenderun's Mystic   Conj           ########     0%          4    None
e - Orb of Destruction    Conj           ########..   1%          7    None
f - Iskenderun's Battles  Conj/Chrm      #######.     1%          5    None
g - Iron Shot             Conj/Erth      #######...   1%          6    None
h - Fireball              Conj/Fire      #######...   1%          5    None
i - Delayed Fireball      Conj/Fire      N/A          1%          7    None
j - Ignite Poison         Fire/Trmt      ######....   1%          5    None


Dungeon Overview and Level Annotations

Branches:
Dungeon (15/15)            Temple (1/1) D:5            Lair (8/8) D:10
 Shoals (0/5) Lair:4        Snake (3/5) Lair:5        Slime (0/6) Lair:8
    Orc (4/4) D:10            Elf (0/3) Orc:3        Vaults (0/5) D:14
 Depths (0/5) D:15

Altars:
Ashenzari
Cheibriados
Dithmenos
Elyvilon
Fedhas
Gozag
Kikubaaqudgha
Makhleb
Nemelex Xobeh
Okawaru
Qazlal
Ru
Sif Muna
Trog
Vehumet
Xom
Yredelemnul
Zin
The Shining One
Beogh
Jiyva

Shops:
Orc:4 (([:**   Snake:3 (

Portals:
Trove: D:14 (give +4 fire dragon armour)


Innate Abilities, Weirdness & Mutations

You are agile. (Dex +2)


Message History

Confirm with . or Enter, or press ? or * to list all spells.
You don't have enough magic to cast that spell.
Casting: Iron Shot
Confirm with . or Enter, or press ? or * to list all spells.
Aiming: Iskenderun's Mystic Blast
Press: ? - help, Shift-Dir - straight line, f/p - shock serpent
Aim: a shock serpent The orb of energy hits the shock serpent.
The shock serpent is heavily wounded.
The shock serpent's electric aura discharges!
The shock serpent shoots out a bolt of lightning at you!
The bolt of electricity hits you! x2
* * * LOW HITPOINT WARNING * * *
Drink which item? (? for menu, Esc to quit)
You feel much better.
The shock serpent shoots out a bolt of lightning at you!
The bolt of electricity hits you!
* * * LOW HITPOINT WARNING * * *
The bolt of electricity hits you!
You die...

# #<####...# # #.##.....# #..
#####>.......# ....
.....##......# #.....
.....##....### .....
)....##....## ...##
..#..#####..## ....# #####
...†.######..####....# #...#
##.........#.#..@....# #...#
###................#####...#
..###..)...........####...###
..# ######..[..............<####
..########..#.##S#.##∩.........#
......(.##.........###.........#
.#####...#..##......#####......#
.# #.......#......# #......# ##
#...##!.####^..##########.#


You could see a shock serpent.

Vanquished Creatures
  Asterion (Snake:2)
  Rupert (Lair:3)
  Agnes (Snake:2)
  A frost giant (IceCv)
  Maud (Lair:8)
  Aizul (Snake:2)
  An orc warlord (Orc:4)
  Gastronok (Lair:3)
  The ghost of Greenwood the Jinx, a powerful HEAM of Vehumet (Snake:3)
  Azrael (D:14)
  A vault guard (D:14)
  Josephine (Orc:2)
  8 anacondas
  Nessos (Orc:3)
  A naga warrior (Snake:2)
  2 ogre magi (D:15)
  12 hydras
  An orc high priest (Orc:4)
  A vampire mage (D:15)
  6 centaur warriors
  14 death yaks
  2 tengu warriors
  4 naga sharpshooters (Snake:2)
  A shock serpent (Snake:3)
  Nergalle (Orc:4)
  A fire crab (Lair:8)
  A deep elf knight (D:14)
  6 unseen horrors
  3 salamander mystics
  2 skeletal warriors
  4 lindwurms (Lair:7)
  3 naga ritualists
  An ice statue (IceCv)
  A necromancer (D:15)
  4 orc knights
  3 hill giants
  A tengu zombie (D:15)
  9 salamanders (Snake:1)
  7 cyclopes
  2 orc sorcerers
  2 griffons
  3 mana vipers
  18 ugly things
  2 wizards
  A fire giant zombie (D:15)
  2 manticores
  2 centaur zombies
  21 black mambas
  Maurice (D:9)
  A guardian serpent (Snake:2)
  10 elephants
  3 sirens (Lair:4)
  Joseph (D:7)
  2 kobold demonologists
  A molten gargoyle (D:15)
  11 spiny frogs
  A torpor snail (Lair:4)
  An efreet (D:14)
  Psyche (D:13)
  2 gargoyles
  A dire elephant skeleton (D:15)
  7 komodo dragons
  2 yaktaurs (D:14)
  4 fire drakes
  5 trolls
  10 naga magi
  2 spriggan druids (Lair:8)
  7 two-headed ogres
  A merfolk (Lair:4)
  A queen bee (D:8)
  Sonja (Orc:3)
  21 polar bears
  5 slime creatures
  5 ravens
  7 basilisks
  3 trapdoor spiders
  7 blink frogs
  A boulder beetle (Lair:8)
  5 redbacks (Lair:8)
  An ice dragon skeleton (D:15)
  A shadow (D:13)
  2 wyverns
  12 spriggans (Lair:8)
  7 wraiths
  61 yaks
  Eustachio (D:5)
  A steam dragon (D:12)
  2 fire elementals (D:14)
  11 vampire mosquitoes
  2 deep elf magi (D:15)
  A hungry ghost (D:14)
  20 humans (D:14)
  A redback simulacrum (D:15)
  2 mottled dragons
  16 hippogriffs
  35 water moccasins
  3 insubstantial wisps (D:12)
  9 wargs
  14 nagas
  2 hell hounds (D:14)
  56 wolves
  6 ice beasts
  19 porcupines
  37 orc warriors
  3 phantoms
  2 wasps (Lair:8)
  4 black bears (Lair:8)
  A fulminant prism (IceCv)
  5 sky beasts
  25 ogres
  19 crocodiles
  25 centaurs
  A boring beetle (Lair:5)
  Sigmund (D:3)
  4 big kobolds
  24 giant frogs
  2 wyvern zombies
  Blork the orc (D:8)
  8 jellies
  31 killer bees
  9 scorpions
  10 wights
  3 goliath beetles
  2 electric eels
  2 giant frog zombies
  A quasit (D:9)
  39 orc priests
  20 hounds
  11 crimson imps
  3 centaur skeletons
  2 giant frog skeletons
  43 orc wizards
  11 worker ants
  8 iguanas
  A spectral orc (Orc:4)
  16 sheep
  2 killer bee zombies
  Ijyb (D:7)
  Jessica (D:2)
  A hound skeleton (D:6)
  2 worker ant zombies
  18 gnolls
  85 river rats
  30 adders
  2 shadow imps
  12 white imps (Lair:2)
  2 ufetubi (D:15)
  2 adder skeletons
  7 giant geckos
  16 oozes (D:13)
  215 orcs
  2 ball pythons (D:1)
  11 giant cockroaches
  22 hobgoblins
  14 jackals
  30 kobolds
  20 quokkas
  21 bats
  3 giant gecko skeletons
  2 giant newts (D:2)
  3 giant spores
  24 goblins
  A quokka skeleton (D:4)
  A quokka zombie (D:5)
  22 rats
  9 ballistomycetes
  12 fungi
  7 plants
1554 creatures vanquished.

Vanquished Creatures (others)
  30 fulminant prisms
  An orc (Orc:2)
  27 fungi
  6 plants
64 creatures vanquished.

Grand Total: 1618 creatures vanquished

Notes
Turn   | Place    | Note
--------------------------------------------------------------
     0 | D:1      | Hedron, the Deep Elf Conjurer, began the quest for the Orb.
     0 | D:1      | Reached XP level 1. HP: 10/10 MP: 5/5
     6 | D:1      | Noticed a lindwurm
     6 | D:1      | Noticed a polar bear
     6 | D:1      | Noticed an iguana
     6 | D:1      | Noticed a hound
     6 | D:1      | Noticed an anaconda
   146 | D:1      | Reached XP level 2. HP: 15/15 MP: 6/8
   150 | D:1      | Learned a level 2 spell: Searing Ray
   596 | D:1      | Reached skill level 5 in Conjurations
  1086 | D:2      | Reached XP level 3. HP: 19/19 MP: 11/11
  1091 | D:2      | Learned a level 3 spell: Dazzling Spray
  1188 | D:2      | Found a blossoming altar of Fedhas.
  1438 | D:2      | Noticed Jessica
  1446 | D:2      | Killed Jessica
  1446 | D:2      | Reached skill level 1 in Hexes
  1554 | D:2      | Reached XP level 4. HP: 21/24 MP: 10/15
  1599 | D:2      | Learned a level 4 spell: Iskenderun's Mystic Blast
  1901 | D:2      | Found a radiant altar of Vehumet.
  1901 | D:2      | Found a burning altar of Makhleb.
  1905 | D:2      | Became a worshipper of Vehumet
  2619 | D:3      | Reached skill level 6 in Conjurations
  2620 | D:3      | Reached XP level 5. HP: 28/28 MP: 13/18
  3254 | D:3      | Noticed a phantom
  3327 | D:3      | Acquired Vehumet's first power
  3327 | D:3      | Offered knowledge of Shock by Vehumet.
  3465 | D:3      | Found an iron altar of Okawaru.
  3497 | D:3      | Noticed Sigmund
  3506 | D:3      | Killed Sigmund
  3621 | D:3      | Found a glowing silver altar of Zin.
  3621 | D:3      | Found a basalt altar of Yredelemnul.
  3622 | D:3      | Found a shattered altar of Ashenzari.
  3766 | D:3      | Killed a phantom
  3766 | D:3      | Reached skill level 5 in Spellcasting
  3766 | D:3      | Reached XP level 6. HP: 21/32 MP: 0/21
  3879 | D:3      | Learned a level 4 spell: Fulminant Prism
  4103 | D:4      | Reached skill level 7 in Conjurations
  4176 | D:4      | Found a snail-covered altar of Cheibriados.
  4486 | D:4      | Found a shimmering altar of Xom.
  4492 | D:4      | Reached XP level 7. HP: 36/36 MP: 18/23
  5069 | D:4      | Offered knowledge of Flame Tongue by Vehumet.
  5190 | D:5      | Entered Level 5 of the Dungeon
  5509 | D:5      | Noticed Eustachio
  5514 | D:5      | Killed Eustachio
  5514 | D:5      | Reached skill level 8 in Conjurations
  5514 | D:5      | Reached skill level 5 in Hexes
  5611 | D:5      | Learned a level 5 spell: Iskenderun's Battlesphere
  6012 | D:5      | Found a staircase to the Ecumenical Temple.
  6022 | Temple   | Entered the Ecumenical Temple
  6208 | D:5      | Reached skill level 1 in Charms
  6380 | D:5      | Reached XP level 8. HP: 41/41 MP: 14/25
  6751 | D:6      | Offered knowledge of Throw Frost by Vehumet.
  6751 | D:6      | Reached skill level 9 in Conjurations
  7983 | D:6      | Reached skill level 5 in Charms
  8385 | D:7      | Reached XP level 9. HP: 45/45 MP: 15/28
  8567 | D:7      | Found an ancient bone altar of Kikubaaqudgha.
  8586 | D:7      | Reached skill level 10 in Conjurations
  8596 | D:7      | Noticed Ijyb
  8600 | D:7      | Killed Ijyb
  8754 | D:7      | Noticed Joseph
  8758 | D:7      | Killed Joseph
 10071 | D:8      | Acquired Vehumet's second power
 10188 | D:8      | Reached skill level 5 in Stealth
 10494 | D:8      | Reached skill level 5 in Dodging
 10670 | D:8      | Offered knowledge of Mephitic Cloud by Vehumet.
 10682 | D:8      | Learned a level 3 spell: Mephitic Cloud
 10781 | D:8      | Reached skill level 1 in Short Blades
 10783 | D:8      | Reached skill level 11 in Conjurations
 10784 | D:8      | Reached skill level 1 in Fighting
 10784 | D:8      | Reached XP level 10. HP: 40/52 MP: 16/30
 10936 | D:8      | Noticed Blork the orc
 10940 | D:8      | Killed Blork the orc
 11474 | D:8      | Found a shattered altar of Ashenzari.
 11563 | D:8      | Acquired Vehumet's third power
 11949 | D:9      | Noticed Maurice
 12160 | D:9      | Offered knowledge of Fireball by Vehumet.
 12184 | D:8      | Learned a level 5 spell: Fireball
 12321 | D:9      | Killed Maurice
 12321 | D:9      | Reached skill level 1 in Fire Magic
 12902 | D:9      | Reached skill level 12 in Conjurations
 13370 | D:9      | Reached XP level 11. HP: 59/59 MP: 7/32
 13930 | D:10     | Entered Level 10 of the Dungeon
 14029 | D:9      | Offered knowledge of Bolt of Magma by Vehumet.
 14295 | D:10     | Found a staircase to the Orcish Mines.
 14491 | D:10     | Found a staircase to the Lair.
 14502 | D:10     | Reached skill level 10 in Spellcasting
 15285 | D:10     | Killed an unseen horror
 15880 | D:10     | Learned a level 5 spell: Bolt of Magma
 15933 | Lair:1   | Entered Level 1 of the Lair of Beasts
 16000 | Lair:1   | Reached skill level 5 in Fire Magic
 16211 | Lair:1   | Reached skill level 1 in Earth Magic
 16556 | Lair:1   | Noticed an eight-headed hydra
 16562 | Lair:1   | Killed an eight-headed hydra
 16562 | Lair:1   | Reached skill level 13 in Conjurations
 16700 | Lair:1   | Noticed a five-headed hydra
 16706 | Lair:1   | Killed a five-headed hydra
 16706 | Lair:1   | Reached XP level 12. HP: 55/66 MP: 14/33
 17358 | Lair:2   | Offered knowledge of Bolt of Fire by Vehumet.
 17562 | Lair:2   | Found a frozen archway.
 17583 | IceCv    | Entered an ice cave
 18267 | IceCv    | Reached skill level 5 in Short Blades
 18966 | IceCv    | Reached skill level 5 in Fighting
 19358 | IceCv    | Noticed a frost giant
 19389 | IceCv    | Killed a frost giant
 19389 | IceCv    | Reached skill level 14 in Conjurations
 20126 | Lair:2   | Reached XP level 13. HP: 62/72 MP: 1/35
 20316 | Lair:2   | Reached skill level 1 in Evocations
 20564 | Lair:2   | Offered knowledge of Bolt of Cold by Vehumet.
 22008 | Lair:3   | Noticed Gastronok
 22015 | Lair:3   | Killed Gastronok
 22250 | Lair:3   | Noticed Rupert
 22262 | Lair:3   | HP: 2/74 [Rupert/great mace of protection (23)]
 22614 | Lair:3   | Killed Rupert
 23456 | Lair:4   | Found a staircase to the Shoals.
 23663 | Lair:4   | Learned a level 7 spell: Delayed Fireball
 23671 | Lair:4   | Learned a level 6 spell: Bolt of Fire
 24227 | Lair:4   | Upgraded the game from 0.16.1-2-g95b8d4c to 0.16.1-5-gaa23807
 24284 | Lair:5   | Reached skill level 1 in Shields
 24284 | Lair:5   | Reached skill level 5 in Evocations
 24939 | Lair:5   | Found a staircase to the Snake Pit.
 25581 | Lair:5   | Offered knowledge of Poison Arrow by Vehumet.
 26361 | Lair:6   | Learned a level 7 spell: Orb of Destruction
 26765 | Lair:6   | Reached XP level 14. HP: 80/80 MP: 17/37
 26766 | Lair:6   | Upgraded the game from 0.16.1-5-gaa23807 to 0.16.1-11-g651b585
 27310 | Lair:7   | Reached skill level 15 in Conjurations
 28240 | Lair:7   | Learned a level 6 spell: Iron Shot
 28395 | Lair:7   | Offered knowledge of Freezing Cloud by Vehumet.
 29923 | Lair:7   | Got a transparent copper ring
 29927 | Lair:7   | Identified the ring of Diaje {rF+ Int+6 Stlth-} (You found it on level 7 of the Lair of Beasts)
 29948 | Lair:7   | Identified a scroll of acquirement
 29949 | Lair:7   | Got a faintly glowing buckler
 29960 | Lair:7   | Identified the -1 buckler of Objectivity {Str+2} (You acquired it on level 7 of the Lair of Beasts)
 30060 | Lair:8   | Entered Level 8 of the Lair of Beasts
 30184 | Lair:8   | Noticed Maud
 30190 | Lair:8   | Killed Maud
 30945 | Lair:8   | Offered knowledge of Poisonous Cloud by Vehumet.
 31479 | Lair:8   | Reached XP level 15. HP: 88/88 MP: 14/38
 31941 | Lair:8   | Identified Lehudib's Catalogue of Conjuration
 32250 | Lair:8   | Found a viscous altar of Jiyva.
 32250 | Lair:8   | Found a staircase to the Slime Pits.
 32640 | Lair:8   | Reached skill level 5 in Shields
 33856 | Orc:1    | Entered Level 1 of the Orcish Mines
 34023 | Orc:2    | Offered knowledge of Ozocubu's Refrigeration by Vehumet.
 34658 | Orc:2    | Noticed Josephine
 34665 | Orc:2    | Killed Josephine
 34875 | Orc:1    | Offered knowledge of Lehudib's Crystal Spear by Vehumet.
 34875 | Orc:1    | Offered knowledge of Shatter by Vehumet.
 34875 | Orc:1    | Offered knowledge of Chain Lightning by Vehumet.
 36482 | Orc:3    | Noticed Sonja
 36483 | Orc:3    | Killed Sonja
 36483 | Orc:3    | Reached skill level 10 in Fire Magic
 37026 | Orc:3    | Found a staircase to the Elven Halls.
 37396 | Orc:3    | Noticed Nessos
 37399 | Orc:3    | Killed Nessos
 37594 | Orc:4    | Entered Level 4 of the Orcish Mines
 37759 | Orc:4    | Found Houxkyuf's Antique Weapon Shop.
 38071 | Orc:4    | Reached skill level 16 in Conjurations
 38461 | Orc:4    | Noticed Nergalle
 38593 | Orc:4    | Killed Nergalle
 39023 | Orc:4    | Found a roughly hewn altar of Beogh.
 39257 | Orc:4    | Found Griawimp's Antique Weapon Boutique.
 39367 | Orc:4    | Found Hioll's Antique Armour Boutique.
 39374 | Orc:4    | Bought a pair of gloves for 121 gold pieces
 39379 | Orc:4    | Bought a pair of runed boots for 121 gold pieces
 39394 | Orc:4    | Found Gaifeux's General Store.
 39414 | Orc:4    | Bought a scroll of blinking for 127 gold pieces
 39439 | Orc:4    | Found Doladuepn's Book Boutique.
 39472 | Orc:4    | Found Omaedamp's Assorted Antiques.
 40045 | Orc:4    | Bought a scroll of identify for 34 gold pieces
 40080 | Orc:4    | Bought a scroll of identify for 68 gold pieces
 42782 | D:12     | Reached skill level 15 in Spellcasting
 44285 | D:13     | Noticed Psyche
 44286 | D:13     | Killed Psyche
 44437 | D:13     | Got a crude robe
 44448 | D:13     | Identified the +1 robe "Sme Losu" {Contam rF+ rC+ rN+} (You found it on level 13 of the Dungeon)
 44814 | D:13     | Reached XP level 16. HP: 95/95 MP: 28/40
 44984 | D:13     | Reached skill level 17 in Conjurations
 45477 | D:13     | Gained mutation: You are agile. (Dex +2) [potion of beneficial mutation]
 45746 | D:14     | Noticed Azrael
 45749 | D:14     | Killed Azrael
 46618 | D:14     | Found a roughly hewn altar of Beogh.
 46648 | D:14     | Found a portal to a secret trove of treasure.
 47723 | D:14     | Found a gate to the Vaults.
 47957 | D:15     | Entered Level 15 of the Dungeon
 48221 | D:14     | Reached skill level 10 in Dodging
 48714 | D:15     | Reached skill level 18 in Conjurations
 49259 | D:15     | Found a staircase to the Depths.
 50661 | D:15     | Learned a level 5 spell: Ignite Poison
 51013 | Snake:1  | Entered Level 1 of the Snake Pit
 52373 | Snake:2  | Reached XP level 17. HP: 53/100 MP: 17/41
 52579 | Snake:2  | Noticed Asterion
 52588 | Snake:2  | Killed Asterion
 53740 | Snake:2  | Reached skill level 19 in Conjurations
 54544 | Snake:2  | Noticed Aizul
 54550 | Snake:2  | Killed Aizul
 54721 | Snake:2  | Noticed Agnes
 54726 | Snake:2  | Killed Agnes
 54860 | Snake:3  | Found Balinat's Antique Weapon Shoppe.
 55079 | Snake:3  | Noticed Greenwood's ghost (powerful HEAM)
 55253 | Snake:3  | Killed Greenwood's ghost
 56352 | Snake:3  | Killed from afar by a shock serpent

Action                   |  1- 3 |  4- 6 |  7- 9 | 10-12 | 13-15 | 16-18 || total
-------------------------+-------+-------+-------+-------+-------+-------++-------
Melee: Dagger            |    13 |    24 |    80 |   133 |       |       ||   250
       Staff             |       |       |       |       |    22 |     4 ||    26
 Cast: Magic Dart        |    52 |    85 |   215 |   210 |   190 |       ||   752
       Searing Ray       |     2 |    14 |     5 |       |       |       ||    21
       Iskenderun's Myst |       |    19 |    74 |   257 |   806 |   310 ||  1466
       Dazzling Spray    |       |     1 |     5 |    18 |    17 |       ||    41
       Fulminant Prism   |       |       |     6 |    22 |     3 |       ||    31
       Iskenderun's Batt |       |       |     6 |    33 |    30 |       ||    69
       Mephitic Cloud    |       |       |       |    14 |     1 |       ||    15
       Fireball          |       |       |       |     8 |    76 |    52 ||   136
       Bolt of Magma     |       |       |       |     1 |     3 |       ||     4
       Bolt of Fire      |       |       |       |       |    52 |    35 ||    87
       Orb of Destructio |       |       |       |       |     5 |    11 ||    16
       Iron Shot         |       |       |       |       |    56 |   127 ||   183
       Delayed Fireball  |       |       |       |       |     2 |     3 ||     5
       Ignite Poison     |       |       |       |       |       |     5 ||     5
 Abil: Evoke Flight      |       |       |       |       |     2 |       ||     2
       Release Delayed F |       |       |       |       |     1 |     3 ||     4
Evoke: Wand              |       |       |       |     8 |     5 |     5 ||    18
       Staff of energy   |       |       |       |     1 |    27 |    38 ||    66
  Use: Scroll            |     3 |    11 |     7 |    13 |    21 |     4 ||    59
       Potion            |       |     1 |       |     6 |     3 |     3 ||    13
 Stab: Sleeping          |     1 |       |     2 |       |       |       ||     3
       Distracted        |       |       |       |       |     1 |       ||     1
  Eat: Chunk             |     2 |    12 |    26 |    29 |    58 |    23 ||   150
       Beef jerky        |       |       |       |     3 |     1 |       ||     4
       Pizza             |       |       |       |     1 |     1 |     1 ||     3
       Fruit             |       |       |       |     3 |     4 |     6 ||    13
       Bread ration      |       |       |       |     1 |     1 |       ||     2
       Royal jelly       |       |       |       |       |     2 |     4 ||     6
